[Event "Titled Tuesday Blitz March 07 Early 2023"]
[White "Tagliati, Eleonore"]
[Black "Mazurkiewicz, Michal"]
[WhiteFideId "45172234"]
[BlackFideId "1124943"]
[WhiteElo "2211"]
[BlackElo "2054"]
[Result "0-1"]
[Round "02"]
[TimeControl "180+2"]
[Date "2023.03.07"]
[WhiteClock "0:02:14"]
[BlackClock "0:02:25"]

1. e4 d6 2. d4 Nf6 3. Bd3 c5 4. c3 Nc6 5. Nf3 Bg4 6. d5 Nb8 7. h3 Bd7 8. O-O g6 9. c4 Bg7 10. Nc3 O-O 11. Re1 Ne8 12. e5 dxe5 13. Nxe5 Nd6 14. Bg5 Bxe5 0-1


[Site "https://www.chess.com"]

[Event "Titled Tuesday Blitz March 07 Early 2023"]
[White "Huber, Benedikt"]
[Black "Comas Fabrego, Lluis"]
[WhiteFideId "12923583"]
[BlackFideId "2200325"]
[WhiteElo "2199"]
[BlackElo "2523"]
[Result "1-0"]
[Round "02"]
[TimeControl "180+2"]
[Date "2023.03.07"]
[WhiteClock "0:00:46"]
[BlackClock "0:00:01"]

1. d4 Nf6 2. Nc3 d5 3. Bf4 g6 4. e3 Bg7 5. Nb5 Na6 6. h3 O-O 7. Nf3 c5 8. Be2 Ne4 9. O-O Nd6 10. Nxd6 exd6 11. Bxa6 bxa6 12. c3 Bf5 13. Qa4 Qb6 14. b3 a5 15. Nd2 Rfd8 16. Rac1 Bd7 17. Qa3 a4 18. bxa4 Bc6 19. a5 Qa6 20. dxc5 dxc5 21. Qxc5 Rac8 22. Qb4 Bb5 23. Rfd1 Bf8 24. Qd4 Qxa5 25. Bg5 Bg7 26. Bf6 Bxf6 27. Qxf6 Qxa2 28. Ra1 Qc2 29. Nf3 Qxc3 30. Nd4 a6 31. h4 Qc7 32. h5 Qd6 33. Qg5 Qf8 34. Nf5 1-0


[Site "https://www.chess.com"]

[Event "Titled Tuesday Blitz March 07 Early 2023"]
[White "Gonzalez, Francisco Silva"]
[Black "Araujo, Everson De Moura"]
[WhiteFideId "1512285"]
[BlackFideId "22737197"]
[WhiteElo "2074"]
[BlackElo "2035"]
[Result "1-0"]
[Round "02"]
[TimeControl "180+2"]
[Date "2023.03.07"]
[WhiteClock "0:01:21"]
[BlackClock "0:00:12"]

1. d4 d5 2. c4 e6 3. Nc3 Nf6 4. Bg5 Be7 5. e3 O-O 6. Nf3 a6 7. a3 dxc4 8. Bxc4 b5 9. Ba2 Bb7 10. Qc2 h6 11. Bh4 Nbd7 12. Rd1 c6 13. Bb1 Qb6 14. Ne5 g5 15. Bg3 Rfd8 16. Nxf7 Kxf7 17. Qg6+ Kf8 18. Qxh6+ Kg8 19. Qxg5+ Kf7 20. Bg6+ Kf8 21. Qh6+ Kg8 22. Ne4 Bf8 23. Qg5 Bg7 24. Be5 Nxe4 25. Bxe4 Nxe5 26. dxe5 Rxd1+ 27. Kxd1 Qd8+ 28. Qxd8+ Rxd8+ 29. Ke2 Bxe5 30. b4 Bb2 31. f4 Bxa3 32. Rb1 Ra8 33. Rb3 Bc1 34. Rc3 Bb2 35. Rc2 Bf6 36. g4 a5 37. g5 Bg7 38. bxa5 Rxa5 39. Bxc6 Bxc6 40. Rxc6 Ra2+ 41. Kf3 b4 42. Rxe6 b3 43. Rb6 b2 44. g6 Ra1 45. Rb8+ Bf8 46. Rxb2 Rf1+ 47. Kg4 Rg1+ 48. Kf5 Re1 49. e4 Rf1 50. Rb8 Kg7 51. Rb7+ Kg8 52. e5 Bc5 53. Ke4 Ba3 54. f5 Bc1 55. f6 Rf4+ 56. Kd5 Ba3 57. Rb8+ Bf8 58. g7 1-0


[Site "https://www.chess.com"]

[Event "Titled Tuesday Blitz March 07 Early 2023"]
[White "Mohamed, Saeed Laily"]
[Black "Avazkhonov, Alikhon"]
[WhiteFideId "9314946"]
[BlackFideId "14208504"]
[WhiteElo "1767"]
[BlackElo "1739"]
[Result "1-0"]
[Round "02"]
[TimeControl "180+2"]
[Date "2023.03.07"]
[WhiteClock "0:00:40"]
[BlackClock "0:00:02"]

1. d4 Nf6 2. c4 e6 3. Nc3 Bb4 4. g3 b6 5. Bg2 c6 6. Nf3 O-O 7. O-O d5 8. Nd2 Ba6 9. Qb3 Bd6 10. e4 dxc4 11. Nxc4 Bc7 12. Rd1 Nbd7 13. Ne3 Rb8 14. Bd2 c5 15. d5 exd5 16. Nexd5 Nxd5 17. Nxd5 Be5 18. Be3 Bb7 19. f4 Bd6 20. e5 Bc7 21. Bh3 1-0


[Site "https://www.chess.com"]

[Event "Titled Tuesday Blitz March 07 Early 2023"]
[White "Srebrnic, Marko"]
[Black "Kuchava, Ana"]
[WhiteFideId "14603616"]
[BlackFideId "13605348"]
[WhiteElo "2341"]
[BlackElo "2001"]
[Result "1-0"]
[Round "02"]
[TimeControl "180+2"]
[Date "2023.03.07"]
[WhiteClock "0:02:10"]
[BlackClock "0:00:01"]

1. e4 c5 2. Nf3 d6 3. g3 Nc6 4. Bg2 Nf6 5. Qe2 g6 6. O-O Bg7 7. c3 O-O 8. h3 a6 9. d4 cxd4 10. cxd4 d5 11. e5 Ne4 12. Be3 h6 13. Na3 Bd7 14. Rac1 Rc8 15. Ne1 Ng5 16. h4 Ne6 17. Qd2 Kh7 18. f4 Nc7 19. Nd3 Bf5 20. Nf2 h5 21. Bf3 Qd7 22. Qe2 Nb4 23. b3 Nc6 24. Rc5 b6 25. Rcc1 Nb4 26. Kh2 a5 27. Rg1 Nca6 28. Nb5 Rxc1 29. Rxc1 Rc8 30. Rxc8 Qxc8 31. a3 Nc2 32. Bxd5 Nxe3 33. Qxe3 Qd7 34. Nc3 1-0


[Site "https://www.chess.com"]

[Event "Titled Tuesday Blitz March 07 Early 2023"]
[White "Stepanencu, Nicodim-Cosmin"]
[Black "Hartikainen, Jarmo"]
[WhiteFideId "1256220"]
[BlackFideId "503134"]
[WhiteElo "2185"]
[BlackElo "2199"]
[Result "1-0"]
[Round "02"]
[TimeControl "180+2"]
[Date "2023.03.07"]
[WhiteClock "0:00:33"]
[BlackClock "0:00:12"]

1. c4 Nf6 2. Nc3 c5 3. g3 g6 4. Bg2 Bg7 5. Nf3 Nc6 6. O-O O-O 7. d4 d5 8. cxd5 Nxd5 9. Nxd5 Qxd5 10. Be3 Qh5 11. dxc5 Bxb2 12. Rb1 Bg7 13. Qa4 Rb8 14. Ng5 Nd4 15. Bxd4 Qxg5 16. Be3 Qg4 17. Qxa7 Be6 18. Bf3 Qc4 19. Rfc1 Qxa2 20. Qxa2 Bxa2 21. Rxb7 Rbc8 22. Rxe7 Be6 23. c6 Bf6 24. Ra7 Rfd8 25. c7 Rd6 26. Bb7 Re8 27. c8=Q Rxc8 28. Bxc8 Bd5 29. Rd1 1-0


[Site "https://www.chess.com"]

[Event "Titled Tuesday Blitz March 07 Early 2023"]
[White "mestrefeitosa19"]
[Black "Mouhamad, Joachim"]
[BlackFideId "656410"]
[WhiteElo "2199"]
[BlackElo "2164"]
[Result "0-1"]
[Round "02"]
[TimeControl "180+2"]
[Date "2023.03.07"]
[WhiteClock "0:00:01"]
[BlackClock "0:00:07"]

1. c4 e5 2. Nc3 Nf6 3. Nf3 Nc6 4. e3 Bb4 5. d4 exd4 6. exd4 d5 7. a3 Bxc3+ 8. bxc3 O-O 9. Be2 dxc4 10. O-O Na5 11. Bg5 h6 12. Bh4 g5 13. Bg3 Ne4 14. Qc2 Bf5 15. Qb2 Qd5 16. Ne5 f6 17. Ng4 Bxg4 18. Bxg4 f5 19. Bxc7 Nb3 20. Be2 Nxa1 21. Rxa1 Rac8 22. Be5 b6 23. Qb4 Rfe8 24. Bh5 Rxe5 25. dxe5 Qxe5 26. Rd1 Qc5 27. Qb2 Nf6 28. Bf3 g4 29. Be2 Ne4 30. Bf1 Rc6 31. Qc2 b5 32. Rd7 Rd6 33. Rxd6 Qxd6 34. a4 a6 35. axb5 axb5 36. Qa2 Qb6 37. Qa8+ Kg7 38. Qa2 h5 39. g3 Kf6 40. Bg2 Nxc3 41. Qd2 Qa5 42. Qd4+ Kf7 43. Qd7+ Kf6 44. Qd6+ Kg5 45. Qf4+ Kg6 46. Qd6+ Kf7 47. Qd7+ Kf8 48. Qxf5+ Ke7 49. Qe5+ Kd8 50. Qd6+ Kc8 51. Qc6+ Qc7 52. Qa8+ Kd7 53. Qh8 b4 54. Qh7+ Kd6 55. Qg6+ Kc5 56. Qxh5+ Kb6 57. Qg6+ Ka5 58. Qf5+ Ka4 59. Qc2+ Kb5 60. Qf5+ Qc5 61. Qxg4 b3 62. Qd7+ Kb4 63. Qb7+ Nb5 64. Qa6 b2 65. Qa2 Qd4 66. Qb1 Qd3 0-1


[Site "https://www.chess.com"]

[Event "Titled Tuesday Blitz March 07 Early 2023"]
[White "Postnikov, Artem"]
[Black "Rosh Jain"]
[WhiteFideId "34153575"]
[BlackFideId "25789465"]
[WhiteElo "2243"]
[BlackElo "2233"]
[Result "1-0"]
[Round "02"]
[TimeControl "180+2"]
[Date "2023.03.07"]
[WhiteClock "0:00:06"]
[BlackClock "0:00:01"]

1. d4 Nf6 2. c4 e6 3. Nf3 d5 4. g3 dxc4 5. Bg2 Nc6 6. O-O Rb8 7. a4 Be7 8. e3 O-O 9. Na3 b6 10. Nxc4 Ba6 11. b3 Na5 12. Nxa5 bxa5 13. Re1 Bb7 14. Bd2 Bd5 15. Rb1 Bb4 16. Bxb4 axb4 17. Ne5 Bxg2 18. Kxg2 Qd5+ 19. Qf3 Qd6 20. Rbc1 Nd5 21. Rc6 Qe7 22. Ra6 Rb7 23. Rc1 f6 24. Nc6 Qd7 25. Na5 Rb6 26. Rxa7 Nc3 27. Nc4 Rc6 28. Rb7 Ra6 29. Rc2 Qe7 30. h4 e5 31. d5 e4 32. Qf5 Qd8 33. Rd2 g6 34. Qg4 f5 35. Qg5 Qa8 36. Rxb4 Nxd5 37. Rb5 Nf6 38. Re5 Rc6 39. Re7 Qb8 40. Ne5 Rd6 41. Qh6 1-0


[Site "https://www.chess.com"]

[Event "Titled Tuesday Blitz March 07 Early 2023"]
[White "Sabar, Ethmane Daouda"]
[Black "Goncalves, Davi Sulzbacher"]
[WhiteFideId "19600097"]
[BlackFideId "2154510"]
[WhiteElo "1950"]
[BlackElo "2182"]
[Result "0-1"]
[Round "02"]
[TimeControl "180+2"]
[Date "2023.03.07"]
[WhiteClock "0:00:02"]
[BlackClock "0:00:37"]

1. b3 a5 2. a4 e5 3. Bb2 d6 4. e3 f5 5. d4 e4 6. d5 Nf6 7. Nh3 Be7 8. Be2 Nbd7 9. Nf4 Nf8 10. h4 Ng6 11. Bh5 Kf7 12. c4 Nxh5 13. Qxh5 Bf6 14. Nc3 Bd7 15. O-O-O Qe8 16. Rhe1 Kg8 17. g3 Nxf4 18. Qxe8+ Bxe8 19. exf4 Bh5 20. Rd2 Kf7 21. Nb5 Bd8 22. Nd4 Bg4 23. Ne6 Rg8 24. Re3 c5 25. Kb1 Be7 26. Ka2 h6 27. Ka3 g5 28. hxg5 hxg5 29. Re1 Bf3 30. Re3 gxf4 31. Nxf4 Bf6 32. Bxf6 Kxf6 33. Kb2 Rh8 34. Kc3 Rh1 35. Ne6 Rah8 36. Kb2 Rf1 37. Rc3 Rhh1 38. Rcc2 Rb1+ 39. Kc3 Bd1 40. Rb2 Rc1+ 41. Rbc2 Bxc2 42. Rxc2 Rxc2+ 43. Kxc2 Rh2 44. Nd8 Rxf2+ 45. Kd1 Rb2 46. Nxb7 Rxb3 47. Nxd6 Rxg3 48. Nb7 Rc3 49. Nxc5 Rxc4 50. Nb7 Rxa4 51. d6 Rb4 52. d7 Rd4+ 53. Kc2 Rxd7 54. Nxa5 f4 55. Nc4 Rc7 56. Kd2 Rxc4 0-1


[Site "https://www.chess.com"]

[Event "Titled Tuesday Blitz March 07 Early 2023"]
[White "Devaev, Alexander"]
[Black "babbilator"]
[WhiteFideId "4169395"]
[WhiteElo "2225"]
[BlackElo "2188"]
[Result "1-0"]
[Round "02"]
[TimeControl "180+2"]
[Date "2023.03.07"]
[WhiteClock "0:01:01"]
[BlackClock "0:00:58"]

1. d4 Nf6 2. c4 e6 3. Nf3 Bb4+ 4. Bd2 Qe7 5. Qc2 Nc6 6. Nc3 d6 7. e4 O-O 8. a3 Bxc3 9. Bxc3 a5 10. Bd3 e5 11. d5 Nb8 12. b4 axb4 13. axb4 Rxa1+ 14. Bxa1 Na6 15. Bc3 Nh5 16. g3 Bh3 17. Nd2 g6 18. Bf1 Bxf1 19. Rxf1 f5 20. f3 f4 21. g4 Qh4+ 22. Kd1 Nf6 23. Nb3 h5 24. gxh5 gxh5 25. Qg2+ Kf7 26. Be1 1-0


[Site "https://www.chess.com"]

[Event "Titled Tuesday Blitz March 07 Early 2023"]
[White "Tymrakiewicz, Rafal"]
[Black "Gamage, Wanshini Vidusama"]
[WhiteFideId "1108832"]
[BlackFideId "9953752"]
[WhiteElo "2151"]
[BlackElo "2181"]
[Result "1-0"]
[Round "02"]
[TimeControl "180+2"]
[Date "2023.03.07"]
[WhiteClock "0:00:53"]
[BlackClock "0:01:21"]

1. e4 c5 2. d4 cxd4 3. c3 Nf6 4. e5 Nd5 5. Nf3 d6 6. Qxd4 e6 7. Nbd2 Nc6 8. Qe4 f5 9. exf6 Nxf6 10. Qc2 Be7 11. g3 O-O 12. Bg2 e5 13. O-O d5 14. Nb3 a5 15. a4 b6 16. Re1 Bd6 17. Be3 Be6 18. Rad1 Rc8 19. Ng5 Qd7 20. Bxb6 h6 21. Nxe6 Qxe6 22. Nc5 Bxc5 23. Bxc5 d4 24. Bxf8 Kxf8 25. Rd2 dxc3 26. Qxc3 e4 27. Rc2 Ne7 28. Qd2 Rxc2 29. Qxc2 1-0


[Site "https://www.chess.com"]

[Event "Titled Tuesday Blitz March 07 Early 2023"]
[White "Kiseleva, Arina"]
[Black "Golubev, Mikhail"]
[WhiteFideId "4164989"]
[BlackFideId "14100983"]
[WhiteElo "1756"]
[BlackElo "2374"]
[Result "0-1"]
[Round "02"]
[TimeControl "180+2"]
[Date "2023.03.07"]
[WhiteClock "0:00:04"]
[BlackClock "0:01:19"]

1. d4 Nf6 2. Nf3 d6 3. c4 g6 4. Nc3 Bg7 5. e4 O-O 6. Be2 e5 7. d5 Qe8 8. h3 Nh5 9. g3 f5 10. exf5 gxf5 11. Ng5 Nf6 12. Bf3 h6 13. Ne6 Bxe6 14. dxe6 e4 15. Bg2 Qxe6 16. Qb3 Na6 17. Be3 Nc5 18. Bxc5 dxc5 19. O-O-O c6 20. g4 fxg4 21. hxg4 Nxg4 22. Nxe4 Nxf2 23. Nxf2 Rxf2 24. Qxb7 Bxb2+ 25. Qxb2 Rxb2 26. Kxb2 Rb8+ 27. Kc3 Qe5+ 28. Kc2 Rb2+ 0-1


[Site "https://www.chess.com"]

[Event "Titled Tuesday Blitz March 07 Early 2023"]
[White "Osuna Vega, Enrique"]
[Black "Rego, Pedro Filipe"]
[WhiteFideId "2219549"]
[BlackFideId "1904310"]
[WhiteElo "2176"]
[BlackElo "2193"]
[Result "1-0"]
[Round "02"]
[TimeControl "180+2"]
[Date "2023.03.07"]
[WhiteClock "0:00:31"]
[BlackClock "0:01:19"]

1. e4 c5 2. Nf3 d6 3. d4 cxd4 4. Nxd4 Nf6 5. f3 e5 6. Bb5+ Bd7 7. Bxd7+ Qxd7 8. Nf5 g6 9. Ne3 Bg7 10. Nc3 O-O 11. Ned5 Nxd5 12. Nxd5 Nc6 13. Be3 Ne7 14. Nc3 Rfd8 15. Bg5 f6 16. Be3 d5 17. Nxd5 Nxd5 18. Qxd5+ Qxd5 19. exd5 Rxd5 20. Ke2 b6 21. Rhd1 Rad8 22. Rxd5 Rxd5 23. Rd1 Rxd1 24. Kxd1 Kf7 25. a4 Ke6 26. a5 bxa5 27. Bxa7 a4 28. Bc5 Kd5 29. Ba3 f5 30. Kd2 Kc4 31. h3 h5 32. Ke3 Bh6+ 33. Ke2 Bg5 34. Bd6 Bf6 35. Ba3 Bd8 36. Bd6 Kd5 37. Ba3 Kc4 38. Bd6 Bf6 39. Ba3 Bg5 40. Bd6 Bf4 41. Ba3 e4 42. fxe4 fxe4 43. Be7 Be5 44. b3+ axb3 45. cxb3+ Kxb3 46. Ke3 Kc4 47. Kxe4 Bg3 48. Bf6 Kc5 49. Be5 Be1 50. g4 h4 51. Bf6 Kd6 52. Kf4 Bg3+ 53. Kg5 Ke6 54. Kxg6 Be1 55. Bg5 Bc3 56. Kh5 Kf7 57. Bxh4 Bd4 58. Bg3 Bc3 59. Bf4 Bd4 60. Kg5 Bf6+ 61. Kf5 Bh4 62. g5 Kg8 63. Kg4 Be1 64. h4 Bc3 65. h5 Bd4 66. Kf5 Bc3 67. Kg6 Bd4 68. Bd6 Be3 69. Be7 Bd4 70. Bf6 Bxf6 71. Kxf6 Kh8 72. Kf7 Kh7 73. g6+ Kh6 74. g7 1-0


[Site "https://www.chess.com"]

[Event "Titled Tuesday Blitz March 07 Early 2023"]
[White "Bashirli, Saadat"]
[Black "Hamedi Nia, Vesal"]
[WhiteFideId "13429990"]
[BlackFideId "12542253"]
[WhiteElo "1408"]
[BlackElo "1822"]
[Result "1-0"]
[Round "02"]
[TimeControl "180+2"]
[Date "2023.03.07"]
[WhiteClock "0:00:56"]
[BlackClock "0:00:08"]

1. e4 c5 2. Nf3 Nc6 3. Bb5 g6 4. Bxc6 dxc6 5. O-O Bg7 6. Re1 Nf6 7. c3 Nd7 8. d4 cxd4 9. cxd4 O-O 10. Nc3 a5 11. Bg5 Nb6 12. Rc1 Bg4 13. Be3 Nc4 14. d5 Nxb2 15. Qe2 Bxf3 16. gxf3 Bxc3 17. Rxc3 Na4 18. Rb3 cxd5 19. Qb5 dxe4 20. Bh6 Re8 21. Qxa4 exf3 22. Qe4 a4 23. Qe5 f6 24. Qe6+ Kh8 25. Qf7 Rg8 26. Rxf3 Qe8 27. Qe6 g5 28. Rh3 g4 29. Rg3 Qh5 30. Bf4 Rg7 31. Rc1 h6 32. Rc8+ Rxc8 33. Qxc8+ Kh7 34. Qxb7 Qf5 35. Be3 h5 36. h4 e5 37. Qb5 a3 38. Qb3 Rd7 39. Kh2 Qe4 40. Qe6 Rd1 41. Qf7+ Kh8 42. Qxf6+ Kg8 43. Qg5+ Kf8 44. Bc5+ Kf7 45. Qxh5+ Kf6 46. Qg5+ Kf7 47. Qe7+ Kg6 48. Qe6+ Kh7 49. Qf7+ Kh8 50. Qh5+ Kg7 51. Rxg4+ 1-0


[Site "https://www.chess.com"]

[Event "Titled Tuesday Blitz March 07 Early 2023"]
[White "Mikhalsky, Vladimir"]
[Black "Aanan, Shafiuddin"]
[WhiteFideId "14144352"]
[BlackFideId "3242633"]
[WhiteElo "2272"]
[BlackElo "1648"]
[Result "1-0"]
[Round "02"]
[TimeControl "180+2"]
[Date "2023.03.07"]
[WhiteClock "0:00:20"]
[BlackClock "0:00:24"]

1. d4 Nf6 2. c4 c5 3. d5 b5 4. Nf3 Bb7 5. g3 bxc4 6. Nc3 e6 7. e4 exd5 8. exd5 d6 9. Bxc4 Be7 10. Qb3 Qb6 11. O-O O-O 12. Re1 Re8 13. Bf4 Nbd7 14. Nb5 Ba6 15. Rxe7 Rxe7 16. Bxd6 Re4 17. Bc7 Qb7 18. Nd6 Qxc7 19. Nxe4 Nxe4 20. Bxa6 Rb8 21. Qc2 Ndf6 22. Bd3 Nd6 23. Rc1 g6 24. b3 Nxd5 25. Qxc5 Qxc5 26. Rxc5 Nb4 27. Bb1 Nb5 28. Ne5 Na3 29. Be4 Rb5 30. Rxb5 Nxb5 31. a4 Nc3 32. Bb7 f6 33. Nc6 Nxc6 34. Bxc6 Kf7 35. b4 Na2 36. b5 Ke6 37. a5 Kd6 38. Bf3 Kc5 39. b6 axb6 40. a6 1-0


[Site "https://www.chess.com"]

[Event "Titled Tuesday Blitz March 07 Early 2023"]
[White "Sailer, Mike"]
[Black "Matko, Ognjen"]
[WhiteFideId "2012901"]
[BlackFideId "14509717"]
[WhiteElo "2109"]
[BlackElo "2248"]
[Result "0-1"]
[Round "02"]
[TimeControl "180+2"]
[Date "2023.03.07"]
[WhiteClock "0:00:51"]
[BlackClock "0:00:45"]

1. d4 Nf6 2. Bg5 Ne4 3. Bf4 c5 4. f3 Nf6 5. d5 d6 6. e4 g6 7. c4 Bg7 8. Nc3 O-O 9. Bd3 e6 10. Nge2 exd5 11. cxd5 Nh5 12. Be3 f5 13. exf5 Bxf5 14. Bxf5 gxf5 15. O-O f4 16. Bf2 Nd7 17. Re1 Ne5 18. Ne4 Kh8 19. N2c3 Rg8 20. Nb5 Bf8 21. Rc1 a6 22. Nbc3 b5 23. a4 b4 24. Nb1 Qe8 25. Nbd2 Qg6 26. g4 fxg3 27. hxg3 Nd3 28. Qe2 Nxc1 29. Rxc1 Bg7 30. Nc4 Nf4 31. Qf1 Rad8 32. Be3 Bh6 33. Qh3 Nxh3+ 0-1


[Site "https://www.chess.com"]

[Event "Titled Tuesday Blitz March 07 Early 2023"]
[White "Winkels, Marcel"]
[Black "Fikiet, Alex"]
[WhiteFideId "1003887"]
[BlackFideId "2052717"]
[WhiteElo "1900"]
[BlackElo "2423"]
[Result "0-1"]
[Round "02"]
[TimeControl "180+2"]
[Date "2023.03.07"]
[WhiteClock "0:00:38"]
[BlackClock "0:00:40"]

1. e4 c5 2. Nf3 Nc6 3. d4 cxd4 4. c3 d3 5. Bxd3 g6 6. O-O Bg7 7. c4 d6 8. Nc3 Nf6 9. Qe2 Bg4 10. Be3 Ne5 11. Rfd1 O-O 12. Nd5 Nxd5 13. exd5 Bxf3 14. gxf3 Nxd3 15. Rxd3 Rc8 16. Rc1 b6 17. b3 Re8 18. Bd4 e5 19. dxe6 Rxe6 20. Qb2 Bh6 21. Rcd1 Qh4 22. Bc3 Bf4 23. Re3 Qxh2+ 24. Kf1 Bxe3 25. fxe3 Qxb2 26. Bxb2 Rxe3 27. Rxd6 Rce8 28. Rd1 Rxf3+ 29. Kg2 Rf5 30. Bc3 Re2+ 31. Kg1 Re8 32. a4 Rf3 33. Rc1 Ree3 34. Bd2 Rxb3 35. Bh6 Rh3 36. Bg5 Rhg3+ 37. Kf2 Rxg5 0-1


[Site "https://www.chess.com"]

[Event "Titled Tuesday Blitz March 07 Early 2023"]
[White "Dinu, Dumitru-Daniel"]
[Black "Ruge, Edison"]
[WhiteFideId "1208403"]
[BlackFideId "4401000"]
[WhiteElo "2240"]
[BlackElo "2175"]
[Result "1/2-1/2"]
[Round "02"]
[TimeControl "180+2"]
[Date "2023.03.07"]
[WhiteClock "0:00:08"]
[BlackClock "0:00:56"]

1. e4 e5 2. Nf3 Nc6 3. Bb5 f5 4. d3 fxe4 5. dxe4 Nf6 6. O-O Bc5 7. Bxc6 bxc6 8. Nxe5 O-O 9. Qe2 Qe7 10. Nd3 Qxe4 11. Qxe4 Nxe4 12. Nxc5 Nxc5 13. Be3 Ne4 14. f3 Nf6 15. Nc3 d6 16. Rfe1 Bf5 17. Re2 Rfe8 18. Rae1 a6 19. Bd4 Kf7 20. g4 Bxc2 21. Kf2 Bd3 22. Re3 Rxe3 23. Rxe3 Bc4 24. b3 Be6 25. Bxf6 gxf6 26. Ne4 h6 27. Rc3 c5 28. Ng3 a5 29. h3 a4 30. f4 axb3 31. axb3 Ra2+ 32. Ke3 Ra3 33. f5 Bxb3 34. Ne4 c4 35. Nd2 d5 36. Kd4 c6 37. Kc5 Ra2 38. Nxb3 cxb3 39. Rxb3 Rc2+ 40. Kd6 d4 41. Rb7+ Kf8 42. Ke6 d3 43. Rd7 d2 44. Rd8+ Kg7 45. Rd7+ Kf8 46. Rd8+ Kg7 47. Rd7+ Kf8 1/2-1/2


[Site "https://www.chess.com"]

[Event "Titled Tuesday Blitz March 07 Early 2023"]
[White "Johnson, Ben"]
[Black "Staudenhocker43"]
[WhiteFideId "2010917"]
[WhiteElo "2156"]
[BlackElo "2422"]
[Result "0-1"]
[Round "02"]
[TimeControl "180+2"]
[Date "2023.03.07"]
[WhiteClock "0:00:02"]
[BlackClock "0:01:22"]

1. Nf3 Nf6 2. c4 g6 3. g3 Bg7 4. Bg2 O-O 5. O-O d6 6. d4 c5 7. Nc3 Nc6 8. d5 Na5 9. Nd2 e6 10. Qc2 Re8 11. e4 exd5 12. cxd5 a6 13. a4 Rb8 14. Re1 Qc7 15. b3 b5 16. axb5 axb5 17. Bb2 b4 18. Na4 Bd7 19. h3 Bxa4 20. Rxa4 Nxd5 21. Bxg7 Kxg7 22. Rea1 Nxb3 23. Qxb3 Nc3 24. Ra7 Rb7 25. Rxb7 Qxb7 26. e5 d5 27. Re1 Re7 28. f4 c4 29. Nxc4 dxc4 30. Qxc4 Qb6+ 31. Kh2 Rc7 32. Qd3 b3 33. f5 gxf5 34. Qxf5 b2 35. h4 b1=Q 36. Rxb1 Nxb1 0-1


[Site "https://www.chess.com"]

[Event "Titled Tuesday Blitz March 07 Early 2023"]
[White "Tarnowska, Aleksandra"]
[Black "Sargissyan, Sargis"]
[WhiteFideId "1180967"]
[BlackFideId "13303210"]
[WhiteElo "1776"]
[BlackElo "2109"]
[Result "0-1"]
[Round "02"]
[TimeControl "180+2"]
[Date "2023.03.07"]
[WhiteClock "0:00:08"]
[BlackClock "0:00:12"]

1. e4 c5 2. Nf3 d6 3. Bb5+ Nd7 4. O-O a6 5. Bxd7+ Bxd7 6. d3 g6 7. Re1 Bg7 8. Nbd2 Nf6 9. Nf1 O-O 10. c3 b5 11. Ng3 e5 12. h3 Qc7 13. Bg5 Ne8 14. Qd2 f6 15. Bh6 Bc6 16. Rad1 f5 17. Bxg7 Nxg7 18. d4 fxe4 19. Nxe4 exd4 20. cxd4 Rae8 21. d5 Bd7 22. Qg5 Kh8 23. Nf6 Rxe1+ 24. Rxe1 Qd8 25. Nxd7 Qxd7 26. Re7 Qf5 27. Qh6 Qf6 28. Rd7 Re8 29. Kh2 Kg8 30. Ra7 Re7 31. Rxe7 Qxe7 32. Ng5 Nf5 33. Qxh7+ Qxh7 34. Nxh7 Kxh7 35. g4 Ne7 36. Kg3 Nxd5 37. f4 Kg7 38. Kf3 Ne7 39. Ke4 Kf6 40. g5+ Ke6 41. h4 d5+ 42. Ke3 Nf5+ 43. Kf3 c4 44. Kg4 d4 45. h5 gxh5+ 46. Kxh5 d3 47. g6 d2 48. g7 Nxg7+ 49. Kg6 Nf5 50. b3 d1=Q 51. bxc4 Qg4+ 52. Kh7 Qg7# 0-1


[Site "https://www.chess.com"]

[Event "Titled Tuesday Blitz March 07 Early 2023"]
[White "Real_taiatai"]
[Black "Chemin, Justo Reinaldo"]
[BlackFideId "2101580"]
[WhiteElo "2411"]
[BlackElo "1940"]
[Result "1-0"]
[Round "02"]
[TimeControl "180+2"]
[Date "2023.03.07"]
[WhiteClock "0:00:14"]
[BlackClock "0:00:05"]

1. d4 d5 2. c4 dxc4 3. Nf3 e6 4. e4 c5 5. Bxc4 cxd4 6. Nxd4 Nf6 7. Nc3 Nc6 8. Be3 Be7 9. Nxc6 Qxd1+ 10. Rxd1 bxc6 11. f3 O-O 12. Kf2 e5 13. Na4 Be6 14. Bxe6 fxe6 15. Bc5 Nxe4+ 16. Ke3 Nxc5 17. Nc3 Bg5+ 18. Ke2 Rad8 19. b4 Na6 20. Ne4 Be7 21. a3 Nc7 22. Rc1 Nb5 23. Kf2 Nd4 24. Rc4 a5 25. bxa5 Ra8 26. a4 Rxa5 27. Rb1 Rfa8 28. Rb7 Bf6 29. g4 h6 30. Rbb4 c5 31. Nxc5 Rc8 32. Nd7 Rxc4 33. Rxc4 Kf7 34. Nc5 Ra7 35. Ne4 Be7 36. Kg3 Ne2+ 37. Kf2 Nf4 38. Kg3 Nd5 39. h4 Rc7 40. Rxc7 Nxc7 41. g5 hxg5 42. hxg5 Na6 43. Kg4 g6 44. Nf2 Nc5 45. a5 Bd8 46. Kh4 Bxa5 47. Ng4 Nd7 48. Nh6+ Ke7 49. Ng4 Bd2 50. Nf2 Bf4 51. Ne4 Kf7 52. Kg4 Kg7 53. Nd6 Nc5 54. Ne8+ Kf7 55. Nd6+ Ke7 56. Nc8+ Kd7 57. Nb6+ Kc6 58. Nc8 Kd7 59. Nb6+ Ke7 60. Nc8+ Kf7 61. Nd6+ Kg7 62. Ne8+ Kf8 63. Nd6 Bh2 64. Nc4 e4 65. f4 Bg1 66. Ne5 Nd3 67. Nxg6+ Kg7 68. Nh4 e3 69. Kg3 e2 70. Nf3 e1=Q+ 71. Nxe1 Nxe1 72. Kg4 Nd3 73. f5 e5 74. g6 Kf6 75. Kh5 1-0


[Site "https://www.chess.com"]

[Event "Titled Tuesday Blitz March 07 Early 2023"]
[White "Fabris, Alberto"]
[Black "Shevtchenko, Olesya"]
[WhiteFideId "801348"]
[BlackFideId "24131890"]
[WhiteElo "2132"]
[BlackElo "2003"]
[Result "1-0"]
[Round "02"]
[TimeControl "180+2"]
[Date "2023.03.07"]
[WhiteClock "0:00:15"]
[BlackClock "0:00:05"]

1. d4 Nf6 2. Nf3 e6 3. Bf4 c5 4. e3 Qb6 5. Qc1 Nc6 6. c3 d5 7. Bd3 h6 8. O-O Nh5 9. Bg3 Nxg3 10. hxg3 Be7 11. Nbd2 f5 12. Ne5 Nxe5 13. dxe5 Bd7 14. c4 d4 15. exd4 cxd4 16. Nf3 Rd8 17. b3 Bc6 18. g4 fxg4 19. Bg6+ Kd7 20. Nxd4 Qxd4 21. Rd1 Kc7 22. Rxd4 Rxd4 23. Qe3 Rhd8 24. Re1 Bg5 25. Qg3 Bf4 26. Qh4 Bg5 27. Qh5 g3 28. fxg3 Rd2 29. Be4 Bxe4 30. Rxe4 Rf8 31. Qg4 Rff2 32. Qh3 Rxa2 33. Re1 Kd7 34. Kh2 Ke7 35. Rg1 Rad2 36. Qg4 Rf5 37. Qe4 b6 38. Qb7+ Rd7 39. Qe4 Be3 40. g4 Bxg1+ 41. Kxg1 Rf8 42. Qg6 Rf7 43. Kh2 a5 44. Kh3 Ra7 45. Qe4 Rc7 46. Qd4 Ke8 47. Qxb6 Rb7 48. Qxe6+ Rfe7 49. Qc8+ Kf7 50. Qf5+ Kg8 51. Qd3 Rxe5 52. g3 Rbe7 53. Qd4 Kh8 54. c5 Re1 55. c6 R7e2 56. g5 Rh1+ 57. Kg4 h5+ 58. Kf3 Re8 59. c7 Rc1 60. Qd8 Rf1+ 61. Kg2 Rff8 62. Qd7 Re2+ 63. Kh3 Ree8 64. g6 a4 65. bxa4 h4 66. Kxh4 Re4+ 67. Kh3 Rc4 68. a5 Ra8 69. Qd5 1-0


[Site "https://www.chess.com"]

[Event "Titled Tuesday Blitz March 07 Early 2023"]
[White "ritanovikova"]
[Black "Zherebtsova, Alexandra"]
[BlackFideId "24129518"]
[WhiteElo "2129"]
[BlackElo "2055"]
[Result "0-1"]
[Round "02"]
[TimeControl "180+2"]
[Date "2023.03.07"]
[WhiteClock "0:00:17"]
[BlackClock "0:00:10"]

1. e4 e5 2. Nf3 Nc6 3. Bc4 Nf6 4. d3 h6 5. c3 d6 6. h3 g6 7. O-O Bg7 8. Re1 O-O 9. d4 a6 10. a4 Qe7 11. dxe5 Nxe5 12. Nxe5 Qxe5 13. Nd2 Qe7 14. Nf3 Nd7 15. Be3 Qxe4 16. Bd4 Qf5 17. Bd3 Qh5 18. Be2 Nf6 19. Qb3 Qd5 20. Bc4 Qc6 21. Bxf6 Bxf6 22. Bd5 Qc5 23. Rad1 c6 24. Be4 d5 25. Bb1 Kg7 26. Qc2 Qb6 27. Qd2 Qc7 28. Nd4 Bd7 29. Nb3 Rae8 30. Nc5 Bc8 31. Rxe8 Rxe8 32. Re1 Rxe1+ 33. Qxe1 Qd6 34. b4 a5 35. Nd3 axb4 36. cxb4 b6 37. a5 bxa5 38. bxa5 Ba6 39. Qc1 Qc7 40. Qd2 Bb5 41. Nc5 Qa7 42. Nb3 Qa6 43. h4 Bd8 44. h5 Bc4 45. hxg6 fxg6 46. Nd4 c5 47. Nf3 Bxa5 48. Qb2+ Qf6 49. Qa2 Bxa2 50. Bxa2 Qe6 51. Nd2 c4 52. Nf1 Qd6 53. Ne3 c3 54. Bb1 d4 55. Nc4 Qc5 0-1


[Site "https://www.chess.com"]